 Dungeon Crawl Stone Soup version 0.18.1-48-g4cf74bf (webtiles) character file.

941 theElss the Destroyer (level 7, -1/41 HPs)
             Began as a High Elf Conjurer on Aug 25, 2016.
             Was an Initiate of Vehumet.
             Killed from afar by an orc wizard (7 damage)
             ... with a magic dart
             ... on level 5 of the Dungeon.
             The game lasted 00:19:10 (5791 turns).

theElss the Destroyer (High Elf Conjurer)           Turns: 5791, Time: 00:19:10

Health: -1/41      AC:  3    Str:  9    XL:     7   Next: 88%
Magic:  0/17       EV: 14    Int: 20    God:    Vehumet [......]
Gold:   222        SH:  0    Dex: 15    Spells: 3 memorised, 12 levels left

rFire  + . .     SeeInvis .     u - +3 whip (drain)
rCold  . . .     Gourm    .     a - +0 robe
rNeg   . . .     Faith    .     (no shield)
rPois  .         Spirit   .     (no helmet)
rElec  .         Dismiss  .     (no cloak)
rCorr  .         Reflect  .     (no gloves)
SustAt .         Harm     .     q - +0 pair of boots
MR     .....                    (no amulet)
Stlth  ++........               (no ring)
                                l - ring of protection from fire

@: not resistant to hostile enchantments, unstealthy
A: no striking features
a: Renounce Religion


You were on level 5 of the Dungeon.
You worshipped Vehumet.
Vehumet was noncommittal.
You were hungry.

You visited 2 branches of the dungeon, and saw 6 of its levels.

You collected 222 gold pieces.

Inventory:

Hand Weapons
 u - a +3 whip of draining (weapon)
Armour
 a - a +0 robe (worn)
 f - a +3 leather armour of fire resistance
 h - a +0 leather armour
 q - a +0 pair of boots (worn)
 y - a +0 helmet
Jewellery
 e - an uncursed ring of ice
 l - a ring of protection from fire (left hand)
 o - a +2 ring of protection {unknown}
 t - an uncursed ring of resist corrosion {unknown}
Wands
 r - a wand of disintegration (17/24)
Scrolls
 g - 3 scrolls of fog
 n - a scroll of remove curse
 x - a scroll of amnesia {unknown}
 z - a scroll of noise {unknown}
Potions
 d - a potion of agility {unknown}
 i - 2 potions of brilliance
 k - a potion of lignification
 m - a potion of might
 p - 2 potions of curing
 s - a potion of heal wounds {unknown}
Books
 b - a book of Conjurations

   Spells                             Type                      Level
   a - Magic Dart                     Conjuration                  1
   b - Searing Ray                    Conjuration                  2
   c - Dazzling Spray                 Conjuration/Hexes            3
   d - Fulminant Prism                Conjuration/Hexes            4
   e - Iskenderun's Mystic Blast      Conjuration                  4
   f - Iskenderun's Battlesphere      Conjuration/Charms           5
Comestibles
 c - 4 bread rations
 j - 3 meat rations
 v - 4 fruits
 w - 2 chunks of flesh


   Skills:
 + Level 4.4 Dodging
 - Level 2.1 Stealth
 + Level 6.5 Spellcasting
 + Level 8.1 Conjurations


You had 12 spell levels left.
You knew the following spells:

 Your Spells              Type           Power        Failure   Level  Hunger
a - Magic Dart            Conj           ####         1%          1    None
c - Searing Ray           Conj           #####.       1%          2    None
d - Iskenderun's Mystic   Conj           #####...     4%          4    ###....


Dungeon Overview and Level Annotations

Branches:
Dungeon (5/15)             Temple (1/1) D:4

Altars:
Cheibriados
Gozag
Kikubaaqudgha
Makhleb
Nemelex Xobeh
Qazlal
Ru
Sif Muna
Vehumet
Xom
Yredelemnul
Lugonu

Annotations:
D:3 Sigmund
D:5 Menkaure


Message History

You don't have enough magic to cast that spell.
Unknown command.
The orc wizard casts a spell.
The orc wizard blinks!
Casting: Magic Dart
Confirm with . or Enter, or press ? or * to list all spells.
Aiming: Magic Dart
Press: ? - help, Shift-Dir - straight line, f/p - orc wizard
Aim: an orc wizard, wielding a dagger and wearing a robe (heavily wounded, fast)
The magic dart hits the orc wizard.
The orc wizard is heavily wounded.
The orc wizard hits you with a dagger.
* * * LOW HITPOINT WARNING * * *
You closely miss the orc wizard.
The orc wizard is heavily wounded.
The orc wizard closely misses you. The orc wizard hits you with a dagger.
* * * LOW HITPOINT WARNING * * *
The orc wizard points at you and mumbles some strange words.
The magic dart hits you!
You die...

#####.# #.#
####.### #......#
#.##.#.# #.##.#.#
#o##.#.#
##.##.#.###.
#.@..........
#..##....##..
#####..####..# #
#......####..#
#.##.###.....รท..#
...# #.<#####.#
#.###.......[..
#............###
#....#.#######


You could see an orc wizard.

Vanquished Creatures
  Edmund (D:4)
  A phantom (D:4)
  An ogre (D:4)
  A centaur (D:5)
  2 scorpions
  A howler monkey (D:4)
  4 crimson imps (D:4)
  An orc priest (D:3)
  A hound (D:4)
  A giant frog skeleton (D:5)
  An iguana (D:5)
  3 worker ants (D:4)
  3 adders
  An adder skeleton (D:5)
  An adder zombie (D:5)
  A worm (D:2)
  A dart slug (D:2)
  4 giant geckos
  8 orcs
  3 ball pythons
  4 bats (D:1)
  3 giant cockroaches
  4 hobgoblins
  2 jackals (D:1)
  A quokka (D:4)
  7 giant newts
  2 gnoll zombies (D:2)
  10 goblins
  7 kobolds
  8 rats
88 creatures vanquished.

Notes
Turn   | Place    | Note
--------------------------------------------------------------
     0 | D:1      | theElss the High Elf Conjurer began the quest for the Orb.
     0 | D:1      | Reached XP level 1. HP: 11/11 MP: 4/4
   417 | D:1      | Reached XP level 2. HP: 17/17 MP: 3/6
   449 | D:1      | Learned a level 2 spell: Searing Ray
   552 | D:1      | Reached skill level 5 in Conjurations
  1161 | D:1      | Reached XP level 3. HP: 21/21 MP: 4/7
  2255 | D:2      | Found a basalt altar of Yredelemnul.
  2885 | D:3      | Reached XP level 4. HP: 27/27 MP: 5/9
  3370 | D:3      | Reached skill level 6 in Conjurations
  3370 | D:3      | Reached XP level 5. HP: 31/31 MP: 5/12
  3432 | D:3      | Learned a level 4 spell: Iskenderun's Mystic Blast
  3564 | D:3      | Noticed Sigmund
  3631 | D:4      | Found a staircase to the Ecumenical Temple.
  3635 | D:4      | Noticed Edmund
  3647 | Temple   | Entered the Ecumenical Temple
  3688 | Temple   | Became a worshipper of Vehumet
  3738 | D:4      | Killed Edmund
  3738 | D:4      | Reached skill level 5 in Spellcasting
  3738 | D:4      | Reached XP level 6. HP: 16/36 MP: 0/14
  4354 | D:4      | Found a shimmering altar of Xom.
  4611 | D:4      | Reached skill level 7 in Conjurations
  4709 | D:4      | Reached XP level 7. HP: 35/41 MP: 2/16
  5303 | D:5      | Entered Level 5 of the Dungeon
  5328 | D:5      | Found an ancient bone altar of Kikubaaqudgha.
  5407 | D:5      | Noticed Menkaure
  5764 | D:5      | Reached skill level 8 in Conjurations
  5791 | D:5      | Killed from afar by an orc wizard

Skill      XL: |  1  2  3  4  5  6  7 |
---------------+----------------------+-----
Conjurations   | 5 6 7 8 |  8.1
Spellcasting   | 3 4 5 6 |  6.5
Dodging        | 3 4 |  4.4
Stealth        | |  2.1

Action                   |  1- 3 |  4- 6 |  7- 9 || total
-------------------------+-------+-------+-------++-------
Melee: Short sword       |     5 |    20 |       ||    25
       Whip              |       |       |     9 ||     9
 Cast: Magic Dart        |    95 |    67 |    34 ||   196
       Searing Ray       |     3 |    10 |     6 ||    19
       Iskenderun's Myst |       |     6 |     8 ||    14
  Use: Scroll            |     4 |     1 |     1 ||     6
       Potion            |       |     5 |       ||     5
  Eat: Chunk             |     6 |     7 |     2 ||    15
       Beef jerky        |       |       |     1 ||     1
Armor: Robe              |     5 |     1 |     1 ||     7
       Skin              |       |    12 |       ||    12
Dodge: Dodged            |     6 |    19 |    14 ||    39
